Mecha, lawful female dwarven Valkyrie ----------- |..........##############` # |.........| ---- # -|--- ##...........## |...| ##-...| # |....<..... # |..>| # |*..| #[# -----.----- ###....+ -|-+- # ) ---.- ### ### # # # --------------- # ( ### ### ----- ###-.............| ### # # # |...| # |.%...........| # # # ### |....######[............%[%# ## # # |..)| # |............%| -|---------.--- ----.---- |...-## |....%........-############ |.............| ........| |...| --------------- # |.............| |.%%[.%%| ----- ###|............(| .%.%%%.%| #............#.| |.%%.%%@| --------------- |%%%%%T.| -+------- Mecha the Woman-at-arms Experience level: 11 Strength: 18/04 Dexterity: 14 Constitution: 19 Intelligence: 10 Wisdom: 9 Charisma: 10 Health: 0(121) Energy: 15(15) Def: 17 Gold: 4170 Moves: 22971 Dungeon seed: WvrGrn-_9yizQbZ1 Game ID: Mecha_1477303887 Your Inventory: Coins $ - 4170 gold pieces Amulets i - an uncursed amulet of reflection (being worn) Weapons a - the blessed rustproof +5 Excalibur (weapon in hand) d - 6 rusty +0 daggers g - 4 +0 shuriken n - a rusty corroded +0 long sword (wielded in other hand) w - 4 +0 daggers (in quiver) Armor e - an uncursed +0 pair of elven boots q - a blessed +2 elven mithril-coat (being worn) y - a blessed +1 elven cloak (being worn) K - an uncursed rusty +1 dented pot (being worn) Q - an uncursed +0 pair of leather gloves (being worn) Y - an uncursed +1 pair of high boots (being worn) Comestibles m - 3 uncursed fortune cookies B - 2 uncursed eucalyptus leaves M - an uncursed slime mold S - 4 uncursed food rations Scrolls c - an uncursed scroll of scare monster t - an uncursed scroll of create monster F - a cursed scroll of teleportation R - 3 uncursed scrolls of teleportation T - 2 blessed scrolls of teleportation W - an uncursed scroll of identify Potions b - an uncursed potion of gain level s - an uncursed potion of speed v - an uncursed potion of sleeping z - 4 uncursed potions of healing I - an uncursed potion of extra healing P - 3 cursed potions of healing U - an uncursed potion of see invisible Rings C - an uncursed ring of fire resistance Wands f - a blessed wand of digging (0:7) h - a wand of digging (0:8) j - a wand of fire (0:6) l - a wand of cold (0:4) o - a wand of slow monster (0:4) r - a wand of striking (0:6) A - a wand of digging (0:5) D - a wand of cold (0:6) E - a wand of teleportation (0:8) H - a wand of magic missile (0:5) L - a wand of lightning (0:6) N - a wand of magic missile (0:4) O - a wand of striking (0:8) V - a wand of cancellation (0:8) X - a blessed wand of lightning (0:6) Tools k - an uncursed skeleton key p - a +0 unicorn horn u - an uncursed mirror x - an uncursed sack G - a +0 unicorn horn J - an uncursed oil lamp (0:576) Z - a +0 pick-axe Spells and supernatural/magical abilities: Name Level Category Fail Memory p - protection 1* clerical 100% 0% W - pray for help -- divine ? -- Your skills at the end: Fighting Skills two weapon combat [Basic] Weapon Skills dagger [Skilled] long sword [Expert] Spellcasting Skills Final Attributes: You were piously aligned. You were cold resistant. You were poison resistant. You were level-drain resistant. You saw invisible. You were telepathic. You had automatic searching. You had infravision. You were stealthy. You aggravated monsters. You were protected. You were fast. You had reflection. You were wielding two weapons at once. Tyr was angry with you. You are dead. Vanquished creatures: 3 Olog-hai a lurker above 2 frost giants 2 ghosts a winged gargoyle a giant mimic a zruty an ice troll an Elvenking 2 large mimics a long worm 2 stalkers an earth elemental a giant mummy 2 giant zombies 4 elf-lords 3 sergeants a warg a winter wolf 3 small mimics a xan an ettin mummy 4 ogre lords a quantum mechanic 3 trolls a sasquatch a pyrolisk a large dog 2 freezing spheres a shocking sphere a gargoyle an ochre jelly an energy vortex a stone giant a red naga a pit viper a python a cobra a wraith a carnivorous ape an ettin zombie 2 incubi 2 chameleons a giant beetle 2 quivering blobs 2 cockatrices 2 wolves 4 winter wolf cubs 2 lynxes 2 panthers 4 leprechauns an orc-captain a mumak 5 giant spiders a scorpion 2 horses 2 ice vortices 2 vampire bats a forest centaur 5 gnome kings 2 dwarf mummies 2 rust monsters 2 owlbears 3 yetis a gold golem a Green-elf 4 lizards 3 chickatrices a dog 2 housecats a jaguar a dwarf lord a blue jelly 5 black unicorns 4 dust vortices 4 ravens 3 plains centaurs 4 gnome mummies 6 snakes 2 apes 11 human zombies a rope golem 4 Woodland-elves 3 soldier ants 2 fire ants 26 bugbears a quasit a wood nymph 5 water nymphs 2 mountain nymphs 5 Mordor orcs 8 Uruk-hai 5 orc shamans 3 rock piercers 2 rock moles 2 ponies 4 fog clouds 3 yellow lights a shrieker 4 violet fungi 15 gnome lords 4 gnomish wizards 2 kobold mummies 2 red naga hatchlings 3 black naga hatchlings a golden naga hatchling a guardian naga hatchling a gray ooze 2 elf zombies a ghoul a straw golem 3 paper golems a baby crocodile 9 giant ants 3 little dogs 9 floating eyes 3 kittens 8 dwarves 3 homunculi 4 kobold lords 2 kobold shamans 21 hill orcs 11 rothes a rabid rat 5 centipedes 4 giant bats a monkey 11 orc zombies 8 dwarf zombies a wererat 2 werejackals 6 iguanas 24 killer bees 13 acid blobs 8 coyotes 4 gas spores 9 hobbits 4 manes 5 large kobolds 14 hobgoblins 6 giant rats 3 cave spiders 4 yellow molds 2 green molds 4 red molds 44 gnomes 16 garter snakes a gnome zombie 8 geckos 10 jackals 4 foxes 4 kobolds 7 goblins 18 sewer rats 6 grid bugs 10 bats 10 lichens 13 newts 649 creatures vanquished. Genocided species: liches 1 species genocided. Voluntary challenges: You used a wielded weapon 767 times, starting on turn 222. You read items or engraved 23 times, starting on turn 584. You genocided 1 type of monster, starting on turn 14256. You never polymorphed an object. You never changed form. You used no wishes. You never split a pudding. You never wrote Elbereth's name. You violated your moral code, losing 282 points of alignment, starting on turn 585. Dungeon overview: The Dungeons of Doom: levels 1 to 16 Level 1 an altar to Odin, some fountains a long staircase Level 2 an altar to Loki Level 3 (bag of tricks, UniHorn, water, FireRes Ring, FOOD, dragon scale) an altar to Odin stairs to The Gnomish Mines Level 4 Level 5 a fountain Level 6 many fountains Level 7 (leprechaun hall) a sink stairs to Sokoban Level 8 Level 9 some fountains Level 10 a fountain, a throne Level 11 (stash) a fountain, a throne Level 12 a sink Level 13 (Stash) an altar to Loki, a fountain a magic portal Level 14 a fountain Level 15 Level 16 <- You were here a sink, a throne The Gnomish Mines: levels 4 to 12 Level 4 stairs to The Dungeons of Doom Level 5 Level 6 Level 7 many shops, a temple to Tyr, some fountains Level 8 Level 9 Level 10 Level 11 Level 12 Sokoban: levels 3 to 6 Level 3 Level 4 Level 5 Level 6 (lawful unicorn) stairs to The Dungeons of Doom History has recorded: On T:1 you entered the Dungeons of Doom to retrieve the Amulet of Yendor! On T:566 you reached level 2 of The Dungeons of Doom. On T:585 you advanced to experience level 2. On T:720 you advanced to experience level 3. On T:1168 you reached level 3 of The Dungeons of Doom. On T:1197 you reached level 1 of The Gnomish Mines. On T:1405 you reached level 2 of The Gnomish Mines. On T:1457 you advanced to experience level 4. On T:1772 you advanced to experience level 5. On T:2115 you advanced to experience level 6. On T:3306 you reached level 4 of The Dungeons of Doom. On T:4298 you reached level 5 of The Dungeons of Doom. On T:4442 you advanced to experience level 7. On T:4681 you reached level 6 of The Dungeons of Doom. On T:4922 you reached level 7 of The Dungeons of Doom. On T:5142 you reached level 4 of Sokoban. On T:5629 you reached level 3 of Sokoban. On T:6142 you reached level 2 of Sokoban. On T:6416 you reached level 1 of Sokoban. On T:7214 you advanced to experience level 8. On T:8208 you reached level 3 of The Gnomish Mines. On T:8455 you reached level 4 of The Gnomish Mines. On T:9565 you reached level 8 of The Dungeons of Doom. On T:10711 you reached level 9 of The Dungeons of Doom. On T:11257 you reached level 10 of The Dungeons of Doom. On T:11299 you advanced to experience level 9. On T:12020 you reached level 11 of The Dungeons of Doom. On T:13336 you advanced to experience level 10. On T:13508 you reached level 12 of The Dungeons of Doom. On T:13581 you reached level 13 of The Dungeons of Doom. On T:14519 you reached level 14 of The Dungeons of Doom. On T:15337 you reached level 5 of The Gnomish Mines. On T:15585 you reached level 6 of The Gnomish Mines. On T:15681 you reached level 7 of The Gnomish Mines. On T:15716 you reached level 8 of The Gnomish Mines. On T:15962 you reached level 9 of The Gnomish Mines. On T:19240 you advanced to experience level 11. On T:21499 you reached level 15 of The Dungeons of Doom. On T:21504 you reached level 16 of The Dungeons of Doom. Score breakdown: Gold: 4170 (12314 points) Experience: 11 levels (17616 points) Exploration: 16 levels ( 33.33%) (16947 points) Discoveries: 51 items ( 20.73%) (13659 points) Valuables value: (no points given unless you survive) Artifact value: 4000 (12253 points) Variety of kills: 158 monsters ( 41.47%) (19319 points) Turncount: 22971 turns (-3607 points) Survival: died (score multiplied by 80%) Total score: 70800 Latest messages: You miss the Olog-hai. The Olog-hai just misses! The Olog-hai hits! The Olog-hai misses. You miss the Olog-hai. The Olog-hai just misses! (2x) The Olog-hai bites! You miss the Olog-hai. The Olog-hai hits! (2x) The Olog-hai bites! You miss the Olog-hai. The Olog-hai hits! (2x) The Olog-hai bites! The Olog-hai hits! (2x) The Olog-hai bites! You miss the Olog-hai. The Olog-hai hits! (2x) The Olog-hai bites! You die... The sack is empty. The sack is empty. Final status: Farvel Mecha the Valkyrie, killed by an Olog-hai... You died in The Dungeons of Doom on dungeon level 16 with 70800 points, and 4170 pieces of gold, after 22971 moves. You were level 11 with a maximum of 121 hit points when you died.